 Dungeon Crawl Stone Soup version 0.31-a0-187-gba352fbbf7 (webtiles) character file.

Game seed: 16368378161466985706

59 qw the Shooter (level 3, -1/20 HPs)
             Began as a Deep Elf Hunter on June 22, 2023.
             Succumbed to an adder's poison
             ... in a sewer.
             The game lasted 00:00:36 (1490 turns).

qw the Shooter (Deep Elf Hunter)                    Turns: 1490, Time: 00:00:36

Health: -1/20      AC:  3    Str: 10    XL:     3   Next: 78%
Magic:  5/5        EV: 12    Int: 13    God:
Gold:   151        SH:  0    Dex: 18    Spells: 2/2 levels left

rFire   . . .        Y - +1 shortbow
rCold   . . .        (shield currently unavailable)
rNeg    . . .        c - +0 leather armour
rPois   .            (no helmet)
rElec   .            (no cloak)
rCorr   +            (no gloves)
SInv    .            (no boots)
Will    .....        (no amulet)
Stlth   ++           d - ring of resist corrosion
HPRegen 0.23/turn    (no ring)
MPRegen 0.09/turn

%: no passive effects
@: lethally poisoned (-1 -> -9)
A: no striking features
a: no special abilities


You were in a sewer.
You visited 1 branch of the dungeon, and saw 3 of its levels.
You also visited: Sewer.

You collected 151 gold pieces.


   Skills:
 - Level 1.5 Fighting
 + Level 7.3 Ranged Weapons
 - Level 2.4 Dodging
 - Level 1.2 Stealth


You had 2 spell levels left.
You didn't know any spells.
Your spell library was empty.

Inventory:

Hand Weapons
 Y - a +1 shortbow (weapon)
Armour
 c - a +0 leather armour (worn)
Jewellery
 d - a ring of resist corrosion (left hand)
Scrolls
 f - 2 scrolls of identify
Potions
 a - a potion of mutation

Dungeon Overview and Level Annotations

Branches:
Dungeon (3/15)              Sewer (1/1)

Altars:


Message History

You shoot an arrow. The arrow hits the quokka.
You kill the quokka!
There is a glowing drain here.
The world spins around you as you enter the gateway.
You enter a sewer!
Found a gate leading back out of this place.
There is an empty arch of ancient stone here.
Waypoint 3 assigned to Sewer.
An adder comes into view.
You shoot an arrow.
The arrow hits the adder but does no damage.
You shoot an arrow.
The arrow hits the adder but does no damage.
You shoot an arrow. The arrow closely misses the adder.
The adder closely misses you. The adder misses you.
You shoot an arrow.
The arrow hits the adder but does no damage.
The adder barely misses you.
You shoot an arrow. The arrow hits the adder!
The adder is almost dead.
The adder bites you.
You are poisoned.
The adder poisons you! The adder barely misses you.
You shoot an arrow. The arrow closely misses the adder.
You feel sick. The adder bites you.
You are more poisoned.
The adder poisons you!
You shoot an arrow. The arrow closely misses the adder.
You feel very sick. The adder bites you.
You are lethally poisoned!
The adder poisons you!
You shoot an arrow. The arrow misses the adder.
You feel very sick. The adder closely misses you. The adder barely misses you.
You shoot an arrow. The arrow closely misses the adder.
You feel very sick. The adder bites you.
You shoot an arrow. The arrow misses the adder.
You die...

#########
####...PP~.#
##~~~.......##.
#~~~~..@.P~.~~.
#~~~...#S#.~~~.
#~~~.\.#~# ..~
#~~~~.\.#~# #
#~~~....#~#
######..#~#
~P.#~# #P##~#


PP# You could see an adder.

Vanquished Creatures
  An adder (D:3)
  A dart slug (D:1)
  6 ball pythons
  7 bats
  4 endoplasms
  6 goblins
  2 hobgoblins
  6 kobolds
  4 quokkas
  4 frilled lizards
  3 rats
44 creatures vanquished.

Notes
Turn   | Place    | Note
-------+----------+-------------------------------------------
     0 | D:1      | qw the Deep Elf Hunter began the quest for the Orb.
     0 | D:1      | Reached XP level 1. HP: 12/12 MP: 3/3
     0 | D:1      | 0 ||| qw: Version: 0.3-a-9-g12657ce
     0 | D:1      | 0 ||| qw: Game counter: 2164
     0 | D:1      | 0 ||| qw: Always use a shield: true
     0 | D:1      | 0 ||| qw: God list: Okawaru
     0 | D:1      | 0 ||| qw: Allow faded altars: false
     0 | D:1      | 0 ||| qw: Do Orc after D:15 true
     0 | D:1      | 0 ||| qw: Do second Lair branch before Depths: true
     0 | D:1      | 0 ||| qw: Lair rune preference: random
     0 | D:1      | 0 ||| qw: Plans: Normal
     0 | D:1      | 0 ||| PLANNING D:1-11
   135 | D:1      | Reached skill level 6 in Ranged Weapons
   135 | D:1      | Reached XP level 2. HP: 16/16 MP: 4/4
   677 | D:1      | 677 ||| UPGRADING to ring of resist corrosion.
   678 | D:1      | 678 ||| READING 3 scrolls labelled POOP SUDUECI.
   679 | D:1      | 679 ||| READING 2 scrolls labelled HEOTIJ FOOPNAV.
   680 | D:1      | 680 ||| READING scroll labelled YKOGUE VIHIXKI.
   681 | D:1      | 681 ||| READING scroll labelled FUZUUTONUV.
   712 | D:1      | 712 ||| DROPPING 2 scrolls of vulnerability.
   713 | D:1      | 713 ||| DROPPING scroll of butterflies.
   740 | D:2      | Reached XP level 3. HP: 20/20 MP: 5/5
  1340 | D:2      | 1340 ||| READING 3 scrolls of identify.
  1340 | D:2      | 1340 ||| IDENTIFYING fizzy inky potion
  1346 | D:3      | 1346 ||| PLANNING SEWER
  1361 | D:3      | Reached skill level 7 in Ranged Weapons
  1461 | D:3      | Found a glowing drain.
  1462 | D:3      | 1462 ||| READING 3 scrolls labelled FARAYN YSMUOCI.
  1463 | D:3      | 1463 ||| READING scroll labelled JOKUINNASEA.
  1464 | D:3      | 1464 ||| DROPPING 2 scrolls of revelation.
  1477 | Sewer    | Entered a sewer
  1489 | Sewer    | HP: 3/20 [poisoned by an adder]
  1490 | Sewer    | Succumbed to an adder's poison

Levels and vault maps discovered:
D:1:      wander_arrival_peaceful_grave, layout_loops_ring
D:2:      layout_basic
D:3:      layout_loops_cross, nemelex_spade_bored_becter,
          nicolae_ecumenical_oubliette, portal_sewer_entry_f
Sewer:    sewer_co_scattered_pipes

Skill      XL: |  1  2  3 |
---------------+----------+-----
Ranged Weapons | 6 7 |  7.3
Fighting       | |  1.5
Dodging        | |  2.4
Stealth        | |  1.2

Action                     || total
---------------------------++-------
   Fire: Shortbow          ||   129
    Use: Scroll            ||     7
 Armour: Leather armour    ||    10
  Dodge: Dodged            ||    29

Table legend:
 A = Non-vault XP
 B = Vault XP
 C = Vault XP percentage of total XP
 D = Non-vault monster count
 E = Vault monster count
 F = Vault count percentage of total count
                 A         B        C        D         E       F
            +---------+---------+-------+---------+---------+-------
      Total |      79 |       6 |   7.1 |      41 |       3 |   6.8
            +---------+---------+-------+---------+---------+-------
        D:1 |      39 |       0 |   0.0 |      21 |       0 |   0.0
        D:2 |      23 |       0 |   0.0 |      16 |       0 |   0.0
        D:3 |      17 |       6 |  26.1 |       4 |       3 |  42.9
            +---------+---------+-------+---------+---------+-------
